 Dungeon Crawl Stone Soup version 0.26-a0-665-gefeb406119 (webtiles) character file.

Game seed: 4882933438661989399

183287 robertstho the Tortoise (level 17, -8/165 HPs)
             Began as a Deep Dwarf Fighter on Oct 12, 2020.
             Was the Champion of Makhleb.
             Mangled by a +3 dire flail of holy wrath (19 damage)
             ... on level 2 of the Elven Halls on Oct 13, 2020.
             The game lasted 01:03:32 (22311 turns).

robertstho the Tortoise (Deep Dwarf Fighter)       Turns: 22311, Time: 01:03:32

Health: -8/165     AC: 25    Str: 25    XL:     17   Next: 74%
Magic:  12/12      EV:  9    Int: 15    God:    Makhleb [******]
Gold:   2755       SH:  5    Dex: 10    Spells: 16/16 levels left

rFire    + . .     SeeInvis +   l - +0 halberd (vamp)
rCold    + + +     Faith    .   (shield currently unavailable)
rNeg     + . .     Spirit   .   X - +1 plate armour {rC+}
rPois    .         Reflect  +   G - +1 helmet
rElec    .         Harm     .   N - scarf {repulsion}
rCorr    .         Rampage  .   D - +0 pair of gloves {archery}
MR       +....                  E - +1 pair of boots "Ximoaxus" {rF+ rC++ Dex-2 Stlth+}
Stlth    ..........             r - amulet of reflection
HPRegen  0.00/turn              o - ring "Olimn" {rC+ MR- Int+4 SInv Stlth-}
MPRegen  0.13/turn              V - ring of protection from cold

@: non-regenerating, repel missiles
A: damage resistance, heal wounds, negative energy resistance 1, sense
surroundings 2, no regeneration
a: Heal Wounds, Minor Destruction, Lesser Servant of Makhleb, Major Destruction,
Greater Servant of Makhleb, Renounce Religion


You were on level 2 of the Elven Halls.
You worshipped Makhleb.
Makhleb was exalted by your worship.
You visited 5 branches of the dungeon, and saw 26 of its levels.
You also visited: Ossuary, Bailey, Ice Cave and Volcano.

You collected 3383 gold pieces.
You spent 628 gold pieces at shops.

Inventory:

Hand Weapons
 l - a +0 vampiric halberd (weapon)
 J - a +5 war axe
 Q - a +1 long sword of flaming
Armour
 c - a +0 tower shield
 D - a +0 pair of gloves of archery (worn)
 E - the +1 pair of boots "Ximoaxus" (worn) {rF+ rC++ Dex-2 Stlth+}
   (You found it in an ice cave)

   It affects your dexterity (-2).
   It protects you from fire.
   It greatly protects you from cold.
   It makes you more stealthy.
 G - a +1 helmet (worn)
 N - a scarf of repulsion (worn)
 W - a +0 cloak of fire resistance
 X - a +1 plate armour of cold resistance (worn)
Jewellery
 a - a +4 ring of slaying
 h - a +4 ring of protection
 o - the ring "Olimn" (left hand) {rC+ MR- Int+4 SInv Stlth-}
   (You found it on level 15 of the Dungeon)

   [ring of attention]

   It affects your intelligence (+4).
   It protects you from cold.
   It affects your resistance to hostile enchantments.
   It lets you see invisible.
   It makes you less stealthy.
 p - the ring of Secrets {Fire rPois Dex+4}
   (You acquired it on level 10 of the Dungeon)

   [ring of fire]

   It enhances your fire magic.
   It affects your dexterity (+4).
   It protects you from fire.
   It makes you vulnerable to cold.
   It protects you from poison.
 r - an amulet of reflection (around neck)
 x - an uncursed ring of protection from fire
 K - a +6 ring of strength
 S - a +4 ring of evasion
 V - a ring of protection from cold (right hand)
Wands
 v - a wand of iceblast (33)
 L - a wand of acid (18)
 P - a wand of digging (6)
Scrolls
 b - 3 scrolls of immolation
 e - 20 scrolls of teleportation
 f - 8 scrolls of enchant weapon
 g - 3 scrolls of magic mapping
 s - 6 scrolls of enchant armour
 u - 11 scrolls of remove curse
 w - 4 scrolls of fog
 y - 2 scrolls of holy word
 z - 4 scrolls of identify
 B - 4 scrolls of blinking
 H - 4 scrolls of fear
 T - a scroll of brand weapon
 U - a scroll of summoning
Potions
 d - 2 potions of might
 i - 3 potions of flight
 j - 4 potions of heal wounds
 k - 5 potions of magic
 n - 4 potions of resistance
 q - 11 potions of curing
 t - 2 potions of cancellation
 C - 7 potions of mutation
 F - a potion of stabbing
 I - 6 potions of haste
 R - a potion of invisibility
Miscellaneous
 A - a phantom mirror
 M - a condenser vane (2/2)


   Skills:
 * Level 13.8 Fighting
 - Level 3.2 Long Blades
 - Level 16.5(16.8) Axes
 * Level 5.1(10.7) Polearms
 * Level 16.7 Armour
 + Level 4.2 Dodging
 - Level 3.9 Stealth
 + Level 14.8 Shields
 * Level 14.8 Invocations
 + Level 2.2 Evocations


You had 16 spell levels left.
You didn't know any spells.
Your spell library contained the following spells:

 Spells                   Type           Power        Failure   Level
 Corona                   Hex            #......      87%         1
 Pain                     Necr           #...         87%         1
 Sting                    Tmut/Pois      #...         87%         1
 Poisonous Vapours        Pois/Air       #.....       95%         2
 Slow                     Hex            #.......     95%         2
 Ignite Poison            Fire/Tmut/Pois #.......     99%         3
 Inner Flame              Hex/Fire       #.......     99%         3
 Mephitic Cloud           Conj/Pois/Air  #.......     99%         3
 Portal Projectile        Hex/Tloc       #.....       99%         3
 Cause Fear               Hex            #.........   100%        4
 Dispel Undead            Necr           #.......     100%        4
 Ice Form                 Ice/Tmut       #.......     100%        4
 Leda's Liquefaction      Hex/Erth       #.........   100%        4
 Olgreb's Toxic Radiance  Pois           #.......     100%        4
 Summon Ice Beast         Ice/Summ       #.......     100%        4
 Agony                    Necr           #.......     100%        5
 Fireball                 Conj/Fire      #.........   100%        5
 Irradiate                Conj/Tmut      #.........   100%        5
 Metabolic Englaciation   Hex/Ice        #.........   100%        5
 Death Channel            Necr           #.........   100%        6
 Freezing Cloud           Conj/Ice/Air   #.........   100%        6
 Hydra Form               Tmut           #.........   100%        6
 Ozocubu's Refrigeration  Ice            #.........   100%        6
 Simulacrum               Ice/Necr       #.........   100%        6
 Starburst                Conj/Fire      #.........   100%        6
 Statue Form              Tmut/Erth      #........    100%        6
 Dragon Form              Tmut           #.........   100%        7
 Haunt                    Necr/Summ      #.........   100%        7
 Borgnjor's Revivificati  Necr           #.........   100%        8
 Ignition                 Fire           #.........   100%        8
 Infestation              Necr           #.........   100%        8
 Necromutation            Tmut/Necr      #.........   100%        8
 Death's Door             Necr           #.........   100%        9


Dungeon Overview and Level Annotations

Branches:
Dungeon (15/15)            Temple (1/1) D:5            Lair (6/6) D:11
  Swamp (0/4) Lair:2        Snake (0/4) Lair:3        Slime (0/5) Lair:5
    Orc (2/2) D:11            Elf (2/3) Orc:2        Vaults (0/5) D:14
 Depths (0/5) D:15        Ossuary (visited)          Bailey (visited)
  IceCv (visited)         Volcano (visited)

Altars:
Ashenzari
Dithmenos
Elyvilon
Fedhas
Gozag
Hepliaklqana
Kikubaaqudgha
Makhleb
Nemelex Xobeh
Okawaru
Qazlal
Ru
Sif Muna
Trog
Wu Jian
Yredelemnul
Zin
The Shining One
Beogh

Shops:
D:7 =   D:12 }   D:15 *   Orc:2 =(*[:

Portals:
Trove: D:12 (give +2 gold dragon scales)

Annotations:
D:9 1 runed translucent door, Sweetruy1997's ghost, journeyman FoAK
D:15 3 runed translucent doors, exclusion: obsidian statue, Epsin's ghost, journeyman MiFi
Elf:2 3 runed translucent doors


Innate Abilities, Weirdness & Mutations

You are resistant to damage.
You can heal yourself by infusing magical energy.
You resist negative energy. (rN+)
You passively map the area around you.
You do not regenerate.


Message History

The +3 dire flail of holy wrath closely misses you.
You miss the +3 dire flail of holy wrath.
The +3 dire flail of holy wrath is heavily damaged.
The +3 dire flail of holy wrath hits you.
The +3 dire flail of holy wrath hits you!
* * * LOW HITPOINT WARNING * * *
You hit the +3 dire flail of holy wrath.
The +3 dire flail of holy wrath is heavily damaged.
The +3 dire flail of holy wrath hits you!
* * * LOW HITPOINT WARNING * * *
You miss the +3 dire flail of holy wrath.
The +3 dire flail of holy wrath is heavily damaged.
The +3 dire flail of holy wrath hits you!
* * * LOW HITPOINT WARNING * * *
You barely miss the +3 dire flail of holy wrath.
The +3 dire flail of holy wrath is heavily damaged.
The +3 dire flail of holy wrath hits you!
* * * LOW HITPOINT WARNING * * *
The +3 dire flail of holy wrath hits you!!
You die...

******* ##.....
*$....#####...#..
**.....##.##......
*,......#....#...#
*,.$....#.##......
*,......####...#..
**.....#* ##..)..
##(....# ###.##
#####@#***** #.#
##.##.## #)#
##.P.'## #.#
##.....## ##.##
#.P...P.# #...#
### ##...>.##
##.## #####
##.P.'## ##.#
#<#.## ##.##.##
#..# ..#..##
#####.## #.##


You could see a +3 dire flail of holy wrath.

Vanquished Creatures
  An Ice Fiend (IceCv)
  Rupert (Orc:2)
  Agnes (Elf:1)
  A storm dragon (D:15)
  2 orc warlords
  A deep elf sorcerer (Elf:2)
  An emperor scorpion (D:15)
  Louise (D:15)
  A deep elf elementalist (Elf:1)
  A deep elf annihilator (Elf:1)
  6 dire elephants (Lair:6)
  A deep elf death mage (Elf:1)
  A catoblepas (Lair:6)
  2 vault guards (D:14)
  2 boulder beetles (D:14)
  8 hydras
  An anaconda (Lair:6)
  12 dancing weapons
  10 two-headed ogres
  An ogre mage (D:15)
  2 deep troll earth magi (D:15)
  3 tengu warriors (D:14)
  2 orc high priests
  11 deep elf knights
  A sea snake (shapeshifter) (D:15)
  An unseen horror (D:13)
  11 deep elf archers
  6 wizards
  39 deep elf magi
  2 orc sorcerers
  Pikel (D:5)
  9 orc knights
  A necromancer (D:14)
  3 cyclopes
  4 oklob plants
  A salamander (D:15)
  5 toenail golems (Volcano)
  4 black mambas
  3 manticores
  A guardian serpent (Lair:3)
  5 elephants
  An ice statue (IceCv)
  6 cane toads
  A redback zombie (D:15)
  3 rime drakes
  3 freezing wraiths
  2 kobold demonologists
  11 komodo dragons
  3 ice devils (IceCv)
  4 anaconda simulacra (IceCv)
  A golden dragon simulacrum (IceCv)
  3 polar bears
  15 trolls
  A wolf spider simulacrum (IceCv)
  3 hornets (Lair:5)
  19 blink frogs
  3 slime creatures (D:13)
  A blink frog (shapeshifter) (D:14)
  2 bog bodies (Lair:2)
  6 dream sheep
  2 dire elephant simulacra (IceCv)
  A shadow (D:14)
  A vampire (D:14)
  12 spriggans (Lair:5)
  3 water elementals
  6 wraiths
  7 wyverns
  4 fire elementals
  65 yaks
  4 basilisks
  2 death yak simulacra (IceCv)
  19 humans (D:14)
  Eustachio (D:6)
  2 vampire mosquitoes (D:14)
  A harpy simulacrum (IceCv)
  An iron troll simulacrum (IceCv)
  A soldier ant (D:14)
  7 wargs
  2 swamp worms (Lair:2)
  4 hydra simulacra (IceCv)
  Duvessa (D:5)
  15 water moccasins
  2 ice beasts
  46 orc warriors
  4 sky beasts
  3 phantoms
  4 black bears
  14 ogres
  3 boggarts (Lair:5)
  32 wolves
  27 centaurs
  4 lemures (D:5)
  Blork the orc (D:5)
  3 big kobolds
  13 bullfrogs
  2 earth elementals (Elf:1)
  Dowan (D:5)
  2 wyvern skeletons
  8 scorpions
  14 killer bees
  12 wights
  5 howler monkeys
  10 electric eels
  4 centaur zombies
  4 draconian simulacra (IceCv)
  7 hounds
  2 bullfrog skeletons
  A gnoll shaman (D:3)
  16 jellies
  18 orc priests
  32 orc wizards
  6 centaur skeletons
  5 iguanas
  A spriggan simulacrum (IceCv)
  8 worker ants
  2 troll simulacra (IceCv)
  A wolf simulacrum (IceCv)
  5 centaur simulacra (IceCv)
  A mummy (D:6)
  2 worker ant zombies
  16 adders
  21 gnolls
  3 ogre simulacra (IceCv)
  10 white imps
  5 ufetubi
  16 oozes
  2 adder skeletons
  2 worms
  A dart slug (D:1)
  2 leopard geckos
  118 orcs
  A ball python (D:1)
  13 giant cockroaches
  13 goblins
  16 hobgoblins
  13 jackals
  6 quokkas
  2 ball python skeletons (Ossuary)
  2 bats (D:3)
  7 frilled lizards
  2 hobgoblin zombies (Ossuary)
  13 kobolds
  3 kobold zombies
  A leopard gecko zombie (D:5)
  An orc skeleton (Ossuary)
  2 orc zombies (Ossuary)
  25 rats
  2 bushes (Lair:6)
1062 creatures vanquished.

Vanquished Creatures (collateral kills)
  An azure jelly (Elf:2)
  2 deep elf magi
  A black mamba (Lair:6)
  A cane toad (Lair:6)
  An ice devil (IceCv)
  A freezing wraith (IceCv)
  A troll (Orc:2)
  4 dream sheep (Lair:6)
  A blink frog (Lair:6)
  A harpy simulacrum (IceCv)
  A hydra simulacrum (IceCv)
  4 orc warriors
  An orc priest (Orc:2)
  An orc wizard (Orc:2)
  A wolf simulacrum (IceCv)
  A naga simulacrum (IceCv)
  3 orcs (Orc:2)
26 creatures vanquished.

Vanquished Creatures (others)
  4 deep elf knights
  Sonja (Orc:2)
  An orc knight (Orc:2)
  A deep elf archer (Elf:1)
  An orc sorcerer (Orc:2)
  A deep elf mage (Elf:1)
  A bog body (Lair:2)
  A vampire (D:12)
  A water moccasin (Lair:4)
  An orc warrior (Orc:2)
  An earth elemental (Elf:1)
  An orc wizard (Orc:2)
  A worker ant (D:14)
  A gnoll (Bailey)
  3 white imps (IceCv)
  2 ufetubi (IceCv)
  An orc (D:14)
  A kobold (D:12)
  43 fungi
  34 plants
  2 withered plants (D:9)
103 creatures vanquished.

Grand Total: 1191 creatures vanquished

Notes
Turn   | Place    | Note
-------+----------+-------------------------------------------
     0 | D:1      | robertstho the Deep Dwarf Fighter began the quest for the
                  | Orb.
     0 | D:1      | Reached XP level 1. HP: 20/20 MP: 1/1
   133 | D:1      | Reached XP level 2. HP: 20/27 MP: 2/2
   479 | D:1      | Reached XP level 3. HP: 8/33 MP: 3/3
   996 | D:2      | Found a bloodstained altar of Trog.
  1017 | D:2      | Reached XP level 4. HP: 29/42 MP: 4/4
  1526 | D:3      | Reached XP level 5. HP: 41/49 MP: 5/5
  1822 | D:3      | Reached skill level 5 in Axes
  1822 | D:3      | Reached XP level 6. HP: 32/56 MP: 6/6
  2213 | D:4      | Reached skill level 1 in Dodging
  2266 | D:4      | Reached skill level 5 in Armour
  2266 | D:4      | Reached XP level 7. HP: 50/64 MP: 7/7
  2498 | D:5      | Entered Level 5 of the Dungeon
  2498 | D:5      | Noticed Pikel
  2524 | D:5      | Killed Pikel
  2527 | D:5      | Reached XP level 8. HP: 59/73 MP: 7/7
  2528 | D:5      | Reached skill level 5 in Shields
  2585 | D:5      | Noticed Duvessa
  2586 | D:5      | Noticed Dowan
  2587 | D:5      | Found a staircase to the Ecumenical Temple.
  2599 | D:5      | Killed Duvessa
  2601 | D:5      | Killed Dowan
  2601 | D:5      | Reached skill level 5 in Fighting
  2839 | D:5      | Noticed Blork the orc
  2853 | D:5      | Killed Blork the orc
  3163 | Temple   | Entered the Ecumenical Temple
  3230 | Temple   | Became a worshipper of Makhleb the Destroyer
  3320 | D:6      | Noticed Eustachio
  3364 | D:6      | Killed Eustachio
  3364 | D:6      | Gained mutation: You passively map the area around you.
                  | [Deep Dwarf growth]
  3364 | D:6      | Reached XP level 9. HP: 72/81 MP: 7/7
  3518 | D:6      | Reached * piety under Makhleb
  3569 | D:6      | Found a sand-covered staircase.
  3590 | Ossuary  | Entered an ossuary
  4298 | D:7      | Found Lionyat's Jewellery Shoppe.
  4534 | D:7      | Reached ** piety under Makhleb
  4555 | D:7      | Reached skill level 10 in Axes
  4709 | D:7      | Reached XP level 10. HP: 68/92 MP: 7/7
  5242 | D:8      | Found a blossoming altar of Fedhas.
  5290 | D:8      | Reached *** piety under Makhleb
  5301 | D:8      | Reached skill level 1 in Invocations
  5668 | D:8      | Noticed a two-headed ogre
  5681 | D:8      | Killed a two-headed ogre
  5895 | D:9      | Noticed a cyclops
  5909 | D:9      | Killed a cyclops
  5954 | D:9      | Found a broken altar of Ashenzari.
  6475 | D:9      | Found a runed translucent door.
  6475 | D:9      | Noticed Sweetruy1997's ghost (journeyman FoAK)
  6599 | D:10     | Entered Level 10 of the Dungeon
  6608 | D:10     | Reached **** piety under Makhleb
  6639 | D:10     | Reached XP level 11. HP: 90/100 MP: 11/11
  6642 | D:10     | Found Xicirog's Magic Scroll Shop.
  6658 | D:10     | Bought a scroll of remove curse for 48 gold pieces
  6658 | D:10     | Bought a scroll of holy word for 120 gold pieces
  6658 | D:10     | Bought a scroll of fog for 32 gold pieces
  6658 | D:10     | Bought a scroll of teleportation for 48 gold pieces
  6658 | D:10     | Bought a scroll of identify for 32 gold pieces
  6658 | D:10     | Bought a scroll of identify for 32 gold pieces
  6658 | D:10     | Bought a scroll of remove curse for 48 gold pieces
  6658 | D:10     | Bought 2 scrolls of identify for 64 gold pieces
  6658 | D:10     | Bought a scroll of identify for 32 gold pieces
  6669 | D:10     | Identified 2 scrolls of acquirement
  6673 | D:10     | Acquired the ring of Secrets {Fire rPois Dex+4}
  6677 | D:10     | Acquired a manual of Armour
  7015 | D:10     | Found a glowing golden altar of the Shining One.
  7252 | D:11     | Found a staircase to the Lair.
  7614 | D:11     | Reached ***** piety under Makhleb
  7649 | D:11     | Found a staircase to the Orcish Mines.
  7852 | D:12     | Noticed a two-headed ogre
  7860 | D:12     | Reached skill level 5 in Invocations
  7870 | D:12     | Killed a two-headed ogre
  7936 | D:12     | Reached skill level 10 in Armour
  7972 | D:12     | Found a flagged portal.
  8004 | Bailey   | Entered a bailey
  8059 | Bailey   | Found an iron altar of Okawaru.
  8059 | Bailey   | Noticed an orc sorcerer
  8059 | Bailey   | Noticed an orc knight
  8069 | Bailey   | Killed an orc knight
  8075 | Bailey   | Killed an orc sorcerer
  8079 | Bailey   | Noticed a soul eater
  8214 | Bailey   | Noticed an orc knight
  8226 | Bailey   | Killed an orc knight
  8239 | Bailey   | Acquired a scarf of repulsion
  8258 | Bailey   | Noticed an orc knight
  8281 | Bailey   | Killed an orc knight
  8347 | Bailey   | Noticed an orc knight
  8365 | Bailey   | Killed an orc knight
  8365 | Bailey   | Reached XP level 12. HP: 114/114 MP: 13/13
  8620 | D:12     | Found Jenk's Gadget Boutique.
  8675 | D:12     | Found a portal to a secret trove of treasure.
  8813 | D:12     | Reached ****** piety under Makhleb
  9122 | D:13     | Noticed a two-headed ogre
  9150 | D:13     | Killed a two-headed ogre
  9306 | D:13     | Found a blossoming altar of Fedhas.
  9342 | D:13     | Reached skill level 10 in Shields
  9964 | D:14     | Noticed a boulder beetle
  9990 | D:13     | Reached skill level 10 in Fighting
 10042 | D:14     | Killed a boulder beetle
 10070 | D:14     | Noticed a boulder beetle
 10141 | D:14     | Killed a boulder beetle
 10141 | D:14     | Reached XP level 13. HP: 87/123 MP: 15/15
 10280 | D:14     | Found a gate to the Vaults.
 10529 | D:14     | Reached skill level 10 in Invocations
 10921 | D:15     | Entered Level 15 of the Dungeon
 11159 | D:15     | Noticed an emperor scorpion
 11160 | D:15     | Found a staircase to the Depths.
 11217 | D:15     | HP: 3/124 [salamander/+4 trident (4)]
 11229 | D:15     | Killed an emperor scorpion
 11264 | D:15     | Noticed Louise
 11295 | D:15     | Killed Louise
 11404 | D:15     | Gained mutation: You resist negative energy. (rN+) [Deep
                  | Dwarf growth]
 11404 | D:15     | Reached XP level 14. HP: 133/133 MP: 14/14
 11430 | D:15     | Found a runed translucent door.
 11431 | D:15     | Noticed a storm dragon
 11588 | D:15     | Found a runed translucent gate.
 11588 | D:15     | Found a runed translucent gate.
 11590 | D:15     | Found an opulent altar of Gozag.
 11590 | D:15     | Found a runed translucent gate.
 11590 | D:15     | Found Pitor's Assorted Antiques.
 11591 | D:15     | Noticed a sphinx
 11592 | D:15     | Noticed Epsin's ghost (journeyman MiFi)
 12162 | D:15     | Upgraded the game from 0.26-a0-663-g36e8fdb655 to
                  | 0.26-a0-665-gefeb406119
 12169 | D:15     | Killed a storm dragon
 12177 | D:15     | Got a shimmering tin ring
 12179 | D:15     | Identified the ring "Olimn" {rC+ MR- Int+4 SInv Stlth-}
                  | (You found it on level 15 of the Dungeon)
 12265 | Lair:1   | Entered Level 1 of the Lair of Beasts
 12728 | Lair:1   | Reached skill level 1 in Long Blades
 13184 | Lair:2   | Reached skill level 15 in Armour
 13184 | Lair:2   | Reached XP level 15. HP: 103/142 MP: 15/15
 13401 | Lair:2   | Found a staircase to the Swamp.
 13418 | Lair:2   | Reached skill level 15 in Axes
 14051 | Lair:3   | Found a staircase to the Snake Pit.
 15082 | Lair:4   | Found a broken altar of Ashenzari.
 16066 | Lair:5   | Found a staircase to the Slime Pits.
 16089 | Lair:5   | Reached XP level 16. HP: 152/152 MP: 17/17
 16337 | Lair:6   | Entered Level 6 of the Lair of Beasts
 16368 | Lair:6   | Found a glowing golden altar of the Shining One.
 17683 | Orc:1    | Entered Level 1 of the Orcish Mines
 17870 | Orc:2    | Entered Level 2 of the Orcish Mines
 17870 | Orc:2    | Found a staircase to the Elven Halls.
 17870 | Orc:2    | Noticed Rupert
 17888 | Orc:2    | Killed Rupert
 18043 | Orc:2    | Found a dark tunnel.
 18167 | Orc:2    | Found a roughly hewn altar of Beogh.
 18198 | Orc:2    | Found Cuesch's Book Emporium.
 18209 | Orc:2    | Found Siet's General Store.
 18229 | Orc:2    | Bought a scroll of summoning for 142 gold pieces
 18229 | Orc:2    | Bought a scroll of identify for 30 gold pieces
 18306 | Orc:2    | Noticed Sonja
 18324 | Orc:2    | Killed Sonja
 18343 | Orc:2    | Found Gese's Jewellery Boutique.
 18393 | Volcano  | Entered a volcano
 18868 | Orc:2    | Found Caza Ygh's Antique Weapon Emporium.
 18999 | Orc:2    | Found Dotipsurph's Antique Armour Emporium.
 19432 | Elf:1    | Entered Level 1 of the Elven Halls
 19486 | Elf:1    | Noticed Agnes
 19506 | Elf:1    | Killed Agnes
 19569 | Elf:1    | Reached XP level 17. HP: 91/164 MP: 19/19
 20295 | Elf:1    | Reached skill level 1 in Polearms
 20835 | Elf:2    | Found a frozen archway.
 20903 | IceCv    | Entered an ice cave
 21499 | IceCv    | Noticed an Ice Fiend
 21562 | IceCv    | Killed an Ice Fiend
 21596 | IceCv    | Got a pair of smoking boots
 21619 | IceCv    | Identified the Papyrus of Snow and Evil Secrets
 21708 | IceCv    | Identified the +1 pair of boots "Ximoaxus" {rF+ rC++ Dex-2
                  | Stlth+} (You found it in an ice cave)
 22208 | Elf:2    | Reached skill level 5 in Polearms
 22216 | Elf:2    | Found a runed translucent gate.
 22216 | Elf:2    | Found a runed translucent gate.
 22217 | Elf:2    | Found a runed translucent gate.
 22311 | Elf:2    | Mangled by a +3 dire flail of holy wrath

Illustrated notes

Levels and vault maps discovered:
D:1:      dpeg_arrival_court, layout_basic, minmay_unequal
D:2:      layout_loops_cross, bloody_trog, grunt_decor_one_mirror,
          minmay_rat_hole
D:3:      layout_basic
D:4:      layout_rooms
D:5:      layout_rooms, temple_doors_e, uniq_pikel, uniq_duvessa,
          uniq_blork_the_orc
D:6:      layout_cave_pools, nicolae_ossuary_entry_giza,
          cheibrodos_sewer_entry_bend, uniq_eustachio
D:7:      layout_loops_ring, serial_shops, shop_statue
D:8:      wander_river, layout_loops_corners, fedhas_altar_1
D:9:      layout_loops_ring, gammafunk_ghost_grave, nicolae_ashenzari_panopticon
D:10:     layout_rooms, serial_shops, shop, basic_altar
D:11:     layout_small_grid, erik_lair_orcish_takeover, david_orc_4,
          serial_rivers, chequers_serial_rivers_micro_d,
          chequers_serial_rivers_small_a, chequers_serial_rivers_small_b,
          chequers_serial_rivers_marsh
D:12:     layout_cave_pools, nicolae_trove_entry_diagonal, enter_bailey_2,
          serial_shops, shop, minmay_misc_feat_iff, kennysheep_generic_room_2
D:13:     layout_cave_pods, basic_altar
D:14:     layout_basic, grunt_vaults_entry_tiered
D:15:     hangedman_depths_entry_try_elsewhere_first, layout_basic,
          wad_floor_pattern_untrapped, ebering_ghost_gozag, hex_large,
          kennysheep_treasure_room, uniq_louise
Temple:   regret_index_temple_sigil_plot
Lair:1:   lemuel_slime, layout_small_grid
Lair:2:   layout_chaotic_city, nicolae_swamp_entry_splash_gauntlet
Lair:3:   layout_chaotic_city, minmay_snake_entry_spellcaster,
          small_statue_intersection, beast_lair_carwin_11
Lair:4:   layout_loops_ring, basic_altar, lemuel_old_faithful, lemuel_fruit_tree
Lair:5:   kb_forest_paths, layout_long_grid, slime_dummy,
          grunt_forest_large_clearings, minmay_lair_oklob_chamber
Lair:6:   due_jungle_book, layout_regular_city, basic_altar,
          bh_autumn_forest_stairs, minmay_lair_oklob_bushes, minivault_11
Orc:1:    layout_caves
Orc:2:    grunt_orc_cross, layout_diamond_mine, serial_shops, shop,
          enter_volcano_2, uniq_sonja, uniq_rupert
Elf:1:    layout_geoelf_grid, minivault_28, uniq_agnes
Elf:2:    layout_geoelf_octagon, portal_ice_cave_entry_frozen_things

Skill      XL: |  1  2  3  4  5  6  7  8  9 10 11 12 13 14 15 16 17 |
---------------+----------------------------------------------------+-----
Axes           | 3 4 5 6 7 8 10 11 12 13 14 15 16 | 16.5
Fighting       | 3 4 5 6 7 9 10 11 12 13 | 13.8
Armour         | 4 5 6 8 10 12 14 15 16 | 16.7
Dodging        | 1 2 3 4 |  4.2
Shields        | 4 5 7 8 9 10 11 12 14 | 14.8
Invocations    | 4 6 9 11 12 14 | 14.8
Long Blades    | 2 3 |  3.2
Stealth        | 2 3 |  3.9
Evocations     | 2 |  2.2
Polearms       | 5 |  5.1

Action                   |  1- 3 |  4- 6 |  7- 9 | 10-12 | 13-15 | 16-18 || total
-------------------------+-------+-------+-------+-------+-------+-------++-------
Melee: War axe           |    78 |   179 |   492 |   855 |  1000 |   850 ||  3454
       Long sword        |       |       |       |       |    52 |    43 ||    95
       Halberd           |       |       |       |       |       |   779 ||   779
Invok: Lesser Servant of |       |       |       |       |       |    22 ||    22
 Abil: Heal Wounds       |     1 |     2 |     6 |    11 |     6 |    47 ||    73
  Use: Scroll            |     8 |     1 |     4 |    13 |     4 |     6 ||    36
       Potion            |       |     1 |     2 |       |     2 |     8 ||    13
 Stab: Invisible         |       |       |       |       |       |    14 ||    14
       Petrified         |       |       |       |       |       |     8 ||     8
       Distracted        |       |       |       |       |       |     5 ||     5
Armor: Scale mail        |    38 |    54 |       |       |       |       ||    92
       Chain mail        |       |    40 |   170 |       |       |       ||   210
       Plate armour      |       |       |    62 |   405 |   458 |  1110 ||  2035
Dodge: Dodged            |    25 |    61 |    95 |   198 |   209 |   572 ||  1160
       Repelled          |       |       |       |     2 |       |    29 ||    31
Block: Kite shield       |    39 |    94 |   395 |   784 |   328 |       ||  1640
       Reflection        |       |       |     8 |    52 |    11 |    62 ||   133
       Tower shield      |       |       |       |       |   811 |  1021 ||  1832
       Other             |       |       |       |       |       |   257 ||   257
       Rpst.: Long sword |       |       |       |       |     7 |     4 ||    11

Table legend: (Time is in decaauts)
 A = Elapsed time spent in this place.
 B = Non-inter-level travel time spent in this place.
 C = Inter-level travel time spent in this place.
 D = Time resting spent in this place.
 E = Time spent auto-exploring this place.
 F = Levels seen in this place.
 G = Mean time per level.
                   A        B        C        D        E       F      G
               +--------+--------+--------+--------+--------+-----+--------+
         Total |  22371 |  21458 |    913 |      4 |  13926 |  30 |  745.7 |
       Dungeon |  11526 |  10993 |    533 |      0 |   7733 |  15 |  768.4 |
        Temple |     91 |     67 |     24 |      0 |     54 |   1 |   91.0 |
          Lair |   5255 |   4991 |    264 |      0 |   3731 |   6 |  875.8 |
  Orcish Mines |   1389 |   1303 |     86 |      0 |    840 |   2 |  694.5 |
   Elven Halls |   2003 |   2000 |      3 |      0 |    727 |   2 | 1001.5 |
       Ossuary |    272 |    272 |      0 |      0 |    133 |   1 |  272.0 |
        Bailey |    552 |    552 |      0 |      0 |    262 |   1 |  552.0 |
      Ice Cave |    978 |    978 |      0 |      4 |    262 |   1 |  978.0 |
       Volcano |    301 |    301 |      0 |      0 |    183 |   1 |  301.0 |
               +--------+--------+--------+--------+--------+-----+--------+

Top non-repeatable levels by time:
   Elf:1: 1262 daAuts
    D:15: 1242 daAuts
  Lair:6: 1175 daAuts
   IceCv: 978 daAuts
  Lair:1: 944 daAuts
    D:14: 927 daAuts
  Lair:5: 901 daAuts
   Orc:2: 888 daAuts
    D:13: 874 daAuts
     D:3: 831 daAuts
     D:8: 830 daAuts
  Lair:3: 821 daAuts
     D:7: 791 daAuts
    D:12: 788 daAuts
     D:6: 788 daAuts
